 Dungeon Crawl Stone Soup version 0.29-a0-397-g846e4a0bbc (webtiles) character file.

Game seed: 4350776638177549483

28 Hubjo the Firebug (level 2, -1/16 HPs)
             Began as a Deep Elf Fire Elementalist on May 11, 2022.
             Was a Follower of Wu Jian.
             Slain by a rat (2 damage)
             ... on level 1 of the Dungeon.
             The game lasted 00:02:12 (2147 turns).

Hubjo the Firebug (Deep Elf Fire Elementalist)      Turns: 2147, Time: 00:02:13

Health: -1/16      AC:  2    Str:  5    XL:     2   Next: 96%
Magic:  8/8        EV: 12    Int: 19    God:    Wu Jian [*.....]
Gold:   60         SH:  0    Dex: 15    Spells: 6/7 levels left

rFire   . . .      SeeInvis .   (no weapon)
rCold   . . .      Faith    .   (no shield)
rNeg    . . .      Spirit   .   a - +0 robe
rPois   .          Reflect  .   (no helmet)
rElec   .          Harm     .   (no cloak)
rCorr   .          Rampage  .   (no gloves)
Will    .....                   (no boots)
Stlth   ++........              (no amulet)
HPRegen 0.05/turn               (no ring)
MPRegen 0.11/turn               (no ring)

@: no status effects
A: no striking features
a: Renounce Religion


You were on level 1 of the Dungeon.
You worshipped Wu Jian.
Wu Jian was aware of your devotion.
You visited 1 branch of the dungeon, and saw 1 of its levels.

You collected 60 gold pieces.

Inventory:

Armour
 a - a +0 robe (worn)
Scrolls
 c - a scroll of fog {unknown}
 d - a scroll of immolation {unknown}
 e - a scroll of amnesia {unknown}
Potions
 b - 2 potions of magic


   Skills:
 * Level 1.2 Fighting
 - Level 2.4 Dodging
 + Level 2.9 Stealth
 + Level 3.4 Spellcasting
 - Level 1.1 Conjurations
 + Level 3.5 Fire Magic


You had 6 spell levels left.
You knew the following spells:

 Your Spells              Type           Power      Damage    Failure   Level
a - Foxfire               Conj/Fire      48%        2x1d6     5%          1

Your spell library contained the following spells:

 Spells                   Type           Power      Damage    Failure   Level
 Scorch                   Fire           32%        2d7       4%          2
 Conjure Flame            Conj/Fire      12%        6-21      17%         3
 Inner Flame              Hex/Fire       10%        N/A       22%         3
 Flame Wave               Conj/Fire      12%        2d6       50%         4


Dungeon Overview and Level Annotations

Branches:
Dungeon (1/15)

Altars:
Wu Jian


Message History

The rat bites you but does no damage. The rat barely misses you.
The rat bites you. The rat closely misses you. The rat bites you.
The rat bites you. The rat barely misses you. The rat misses you.
The rat misses you. The rat barely misses you. The rat misses you.
The rat barely misses you. The rat closely misses you. The rat bites you.
The rat barely misses you. The rat bites you. The rat closely misses you.
The rat bites you but does no damage. The rat barely misses you.
The rat bites you. The rat bites you. The rat misses you. The rat bites you.
* * * LOW HITPOINT WARNING * * *
The rat barely misses you. The rat bites you but does no damage.
The rat closely misses you. The rat bites you.
* * * LOW HITPOINT WARNING * * *
The rat bites you.
* * * LOW HITPOINT WARNING * * *
The rat barely misses you. The rat barely misses you. The rat bites you.
* * * LOW HITPOINT WARNING * * *
The rat closely misses you. The rat barely misses you.
The rat barely misses you. The rat bites you.
You die...

#.# #.# #.#
################)#
#................#
#...>...##########
#.......#
#########
#######.#
#.r...... #### #.#
#@# ...## #.# #.#
....## #.# #.#
.....# #.# #.#
....≈# #.# #.#
≈≈≈≈≈≈# #.# #.#
.###### #.# #.# .#
#.# #.# .# #.# #.#


You could see a rat.

Vanquished Creatures
  4 bats (D:1)
  An endoplasm (D:1)
  A giant cockroach (D:1)
  A goblin (D:1)
  2 hobgoblins (D:1)
  2 jackals (D:1)
  4 quokkas (D:1)
  3 ball pythons (D:1)
  2 frilled lizards (D:1)
  3 kobolds (D:1)
  4 rats (D:1)
27 creatures vanquished.

Vanquished Creatures (others)
  169 foxfires (D:1)
169 creatures vanquished.

Grand Total: 196 creatures vanquished

Notes
Turn   | Place    | Note
-------+----------+-------------------------------------------
     0 | D:1      | Hubjo the Deep Elf Fire Elementalist began the quest for
                  | the Orb.
     0 | D:1      | Reached XP level 1. HP: 10/10 MP: 6/6
   575 | D:1      | Reached XP level 2. HP: 16/16 MP: 0/8
   832 | D:1      | Reached skill level 1 in Fighting
  1454 | D:1      | Found a faded altar of an unknown god.
  1889 | D:1      | Prayed at the altar of an unknown god.
  1889 | D:1      | Became a worshipper of the Wu Jian Council
  1889 | D:1      | Reached * piety under Wu Jian
  2147 | D:1      | Slain by a rat

Illustrated notes

Levels and vault maps discovered:
D:1:      eino_arrival_druids_welcome, layout_basic,
          ebering_ecumenical_altar_rust, serial_rivers,
          chequers_serial_rivers_large_b, chequers_serial_rivers_micro_e,
          chequers_serial_rivers_micro_e, chequers_serial_rivers_large_a,
          chequers_serial_rivers_small_b

Skill      XL: |  1  2 |
---------------+-------+-----
Fighting       | 1 |  1.2
Dodging        | |  2.4
Stealth        | |  2.9
Spellcasting   | |  3.4
Conjurations   | |  1.1
Fire Magic     | |  3.5

Action                   || total
-------------------------++-------
Melee: Unarmed           ||     2
 Cast: Foxfire           ||   101
Armor: Robe              ||    12
Dodge: Dodged            ||    42

Table legend: (Time is in decaauts)
 A = Elapsed time spent in this place.
 B = Non-inter-level travel time spent in this place.
 C = Inter-level travel time spent in this place.
 D = Time resting spent in this place.
 E = Time spent auto-exploring this place.
 F = Levels seen in this place.
 G = Mean time per level.
                   A        B        C        D        E       F      G
               +--------+--------+--------+--------+--------+-----+--------+
         Total |   2183 |   2139 |     44 |      0 |   1849 |   1 | 2183.0 |
       Dungeon |   2183 |   2139 |     44 |      0 |   1849 |   1 | 2183.0 |
               +--------+--------+--------+--------+--------+-----+--------+

Top non-repeatable levels by time:
     D:1: 2183 daAuts
